 Dungeon Crawl Stone Soup version 0.24-a0-439-g6dd8730de2 (webtiles) character file.

Game seed: 61487421439125081

147 KristoblXynda the Sneak (level 5, 0/45 HPs)
             Began as a Naga Warper on June 18, 2019.
             Was an Initiate of Cheibriados.
             Slain by an orc
             ... wielding a +2 war axe of chopping
              (2 damage)
             ... on level 3 of the Dungeon.
             The game lasted 00:06:08 (2587 turns).

KristoblXynda the Sneak (Naga Warper)               Turns: 2587, Time: 00:06:09

Health: 0/45       AC:  4    Str: 16    XL:     5   Next: 29%
Magic:  8/8        EV:  9    Int: 14    God:    Cheibriados [......]
Gold:   70         SH:  0    Dex: 15    Spells: 6/8 levels left

rFire    . . .     SeeInvis +   a - +1 falchion
rCold    + . .     Gourm    .   (no shield)
rNeg     . . .     Faith    .   b - +0 leather armour
rPois    +         Spirit   .   (no helmet)
rElec    .         Reflect  .   (no cloak)
rCorr    .         Harm     .   s - +0 pair of gloves
MR       .....                  (no barding)
Stlth    ++........             (no amulet)
HPRegen  0.15/turn              n - +4 ring of dexterity
MPRegen  0.11/turn              o - ring of protection from cold

@: short of breath, drained, very slow
A: large, see invisible, deformed body, poison resistance, slowness 2, slow
metabolism 1, spit poison 1, AC +1
a: Spit Poison, Bend Time, Renounce Religion


You were on level 3 of the Dungeon.
You worshipped Cheibriados.
Cheibriados was noncommittal.
You were very hungry.

You visited 1 branch of the dungeon, and saw 3 of its levels.

You collected 70 gold pieces.

Inventory:

Hand Weapons
 a - a +1 falchion (weapon)
Missiles
 e - 5 boomerangs of dispersal (quivered)
 k - 5 javelins
Armour
 b - a +0 leather armour (worn)
 p - a +0 buckler
 s - a +0 pair of gloves (worn)
Jewellery
 n - a +4 ring of dexterity (left hand)
 o - a ring of protection from cold (right hand)
Scrolls
 c - a scroll of amnesia
 d - 2 scrolls of blinking
 g - a scroll of identify
 h - a scroll of fog
 i - a scroll of fear {unknown}
Potions
 j - a potion of brilliance {unknown}
 m - a potion of curing {unknown}
 q - a potion of agility {unknown}
 r - a potion of berserk rage {unknown}
 u - a potion of heal wounds
Comestibles
 f - 2 rations


   Skills:
 - Level 2.0(1.3) Fighting
 + Level 3.1(2.4) Long Blades
 - Level 1.0(0.3) Throwing
 + Level 2.0(1.3) Armour
 - Level 2.0(1.3) Dodging
 + Level 3.2(2.5) Stealth
 + Level 1.2(0.6) Shields
 - Level 2.1(1.4) Spellcasting
 - Level 3.0(2.2) Translocations


You had 6 spell levels left.
You knew the following spells:

 Your Spells              Type           Power        Failure   Level  Hunger
a - Blink                 Tloc           N/A          19%         2    ###....

Your spell library contained the following spells:

 Spells                   Type           Power        Failure   Level  Hunger
 Shroud of Golubria       Chrm/Tloc      #.....       28%         2    ###....
 Gell's Gravitas          Tloc           #.........   36%         3    ####...
 Lesser Beckoning         Tloc           #.........   36%         3    ####...
 Teleport Other           Tloc           #.......     36%         3    ####...
 Passage of Golubria      Tloc           N/A          77%         4    #####..


Dungeon Overview and Level Annotations

Branches:
Dungeon (3/15)

Altars:
Cheibriados
Zin


Innate Abilities, Weirdness & Mutations

You cannot wear boots.
Your serpentine skin is tough. (AC +1)
You have supernaturally acute eyesight. (SInv)
Armour fits poorly on your strangely shaped body.
Your system is resistant to poisons. (rPois)
You cover ground very slowly.
You have a slow metabolism.
You can spit poison.


Message History

Unknown command.
Press: ? - help, Shift-Dir - straight line, f - orc
Aim: an orc, wielding a +0 hand axe and wearing a +0 leather armour of cold resistance The splash of poison hits the orc!
The orc is poisoned.
The orc is almost dead.
You feel slightly more hungry. The orc closely misses you.
The orc hits you with a +0 hand axe.
* * * LOW HITPOINT WARNING * * *
Unknown command.
You hit the orc.
You kill the orc!
Cheibriados appreciates the change of pace.
The orc hits you but does no damage.
You hit the orc.
The orc is moderately wounded.
The orc hits you with a +0 club.
* * * LOW HITPOINT WARNING * * *
The orc hits you with a +2 war axe of chopping!
* * * LOW HITPOINT WARNING * * *
You die...

###.###.##.# #...#
#.##.# #.###
#....# #.# ######
#.#### #....###
#.....##...######
...>....#.#.o...(#
##..........o@...#
#..##..##..##.).#
+.# ##....####[.#
#. ##..## ##..# #
#.. ##...# #..
#....# .......#..#
....)...#..#
#..###....#


You could see 2 orcs.

Vanquished Creatures
  An orc priest (D:3)
  3 adders (D:2)
  4 gnolls (D:2)
  3 dart slugs (D:1)
  2 leopard geckos (D:2)
  5 orcs (D:3)
  4 bats
  4 giant cockroaches
  4 goblins (D:2)
  4 hobgoblins
  5 kobolds
  A quokka (D:2)
  2 frilled lizards (D:2)
  2 rats (D:2)
44 creatures vanquished.

Notes
Turn   | Place    | Note
-------+----------+-------------------------------------------
     0 | D:1      | KristoblXynda the Naga Warper began the quest for the Orb.
     0 | D:1      | Reached XP level 1. HP: 19/19 MP: 3/3
   122 | D:1      | Reached skill level 1 in Throwing
   222 | D:1      | Reached skill level 1 in Armour
   222 | D:1      | Reached XP level 2. HP: 26/26 MP: 5/5
   576 | D:2      | Reached skill level 1 in Stealth
   576 | D:2      | Reached XP level 3. HP: 17/32 MP: 6/6
  1362 | D:2      | Reached XP level 4. HP: 39/39 MP: 7/7
  1783 | D:2      | Found a snail-covered altar of Cheibriados.
  1854 | D:2      | Became a worshipper of Cheibriados the Contemplative
  2089 | D:2      | Noticed an angel
  2090 | D:2      | Found a glowing silver altar of Zin.
  2242 | D:2      | Reached skill level 1 in Shields
  2339 | D:2      | Learned a level 2 spell: Blink
  2557 | D:3      | Reached XP level 5. HP: 27/45 MP: 8/8
  2587 | D:3      | HP: 2/45 [orc/+2 war axe of chopping (7)]
  2587 | D:3      | Slain by an orc

Levels and vault maps discovered:
D:1:      lightli_arrival_boilingwater, layout_rooms, minivault_24,
          serial_bayou_pond_d
D:2:      layout_basic, cheibriados_altar_1, zin_angel
D:3:      lemuel_upstairs_altar, layout_basic, lemuel_crystal_altar,
          palyth_stone_intersect

Skill      XL: |  1  2  3  4 |
---------------+-------------+-----
Throwing       | 1 |  1.0
Armour         | 1 2 |  2.0
Dodging        | 2 |  2.0
Stealth        | 1 2 3 |  3.2
Shields        | 1 |  1.2
Long Blades    | 3 |  3.1
Fighting       | |  2.0
Spellcasting   | |  2.1
Translocations | |  3.0

Action                   |  1- 3 |  4- 6 || total
-------------------------+-------+-------++-------
Melee: Falchion          |    57 |    59 ||   116
 Abil: Spit Poison       |    14 |     9 ||    23
  Use: Scroll            |     2 |     3 ||     5
       Potion            |       |     1 ||     1
 Stab: Sleeping          |       |     2 ||     2
       Distracted        |       |     1 ||     1
  Eat: Chunk             |     1 |     3 ||     4
Armor: Leather armour    |    17 |    26 ||    43
Dodge: Dodged            |    38 |    41 ||    79
       Rpst.: Falchion   |    13 |     9 ||    22

Table legend:
 A = Non-vault XP
 B = Vault XP
 C = Vault XP percentage of total XP
 D = Non-vault monster count
 E = Vault monster count
 F = Vault count percentage of total count
                 A         B        C        D         E       F
            +---------+---------+-------+---------+---------+-------
      Total |     211 |       0 |   0.0 |      44 |       0 |   0.0
            +---------+---------+-------+---------+---------+-------
        D:1 |      27 |       0 |   0.0 |      12 |       0 |   0.0
        D:2 |     127 |       0 |   0.0 |      25 |       0 |   0.0
        D:3 |      57 |       0 |   0.0 |       7 |       0 |   0.0
            +---------+---------+-------+---------+---------+-------
